AoeStats
← Dracarys

Arabia

509364534Analyzed
1v1 RM · 7d ago on Sep 26, 2026· 46m 4s· 2 players
Game mode
Random Map
Map size
Tiny (2 player)
Population
200
Speed
Normal
Resources
Standard
Victory
Conquest
Starting age
Dark Age
Ending age
Imperial Age
RankedLock teamsTeams togetherTeam positionsShared explorationLock speedFull tech treeHidden civsTurbo modeCheats
Victory
Defeat
🇵🇪 Saxons · Peru
1412
+14
🇪🇸 Bulgarians · Spain
1371
-14
mikel.carcedo.95
5:34 Loom
9:23 Feudal Age
20:33 Castle Age
18:21 Double-Bit Axe
24:32 Forging
24:28 Scale Barding Armor
28:23 Iron Casting
30:37 Wheelbarrow
29:49 Town Watch
30:25 Bloodlines
31:20 Bow Saw
33:23 Chain Barding Armor
33:14 Horse Collar
35:45 Pikeman
41:16 Imperial Age
40:46 Town Patrol
40:50 Heavy Plow
41:03 Gambesons
41:22 Squires
41:31 Husbandry
41:28 Halberdier
43:40 Conscription
45:17 Blast Furnace
44:18 Scale Mail Armor
45:13 Bagains
Dracarys
6:37 Loom
8:47 Feudal Age
9:42 Double-Bit Axe
17:52 Fletching
23:08 Castle Age
21:19 Scale Barding Armor
21:17 Gold Mining
22:22 Bloodlines
22:07 Horse Collar
22:45 Forging
24:19 Chain Barding Armor
24:37 Wheelbarrow
24:13 Bow Saw
26:57 Husbandry
27:36 Heavy Plow
27:03 Light Cavalry
27:47 Town Watch
29:06 Stone Mining
29:45 Hand Cart
31:49 Arson
32:04 Squires
33:10 Gambesons
34:12 Scale Mail Armor
35:33 Chain Mail Armor
35:54 Iron Casting
36:57 Town Patrol
38:58 Gold Shaft Mining
39:14 Masonry
38:44 Treadmill Crane
41:49 Imperial Age
41:49 Ballistics
41:26 Bodkin Arrow
41:32 Padded Archer Armor
41:56 Shield Wall
42:38 Elite Hearth Troop
43:54 Conscription
43:34 Elite Varangian Guard
44:52 Hoardings
44:18 Clerical Recruitment
46:19 Careening
46:39 Architecture
46:16 Siege Engineers
46:11 Murder Holes
Connection lost

Rejoining the realm…

Still unreachable

The connection could not be restored.

Session expired

The server has moved on; the page needs a fresh start.